AoeStats
← Barón de la Cerveza

Arabia

505329619Analyzed
1v1 RM · 25d ago on Sep 8, 2026· 20m 39s· 2 players
Game mode
Random Map
Map size
Tiny (2 player)
Population
200
Speed
Normal
Resources
Standard
Victory
Conquest
Starting age
Dark Age
Ending age
Imperial Age
RankedLock teamsTeams togetherTeam positionsShared explorationLock speedFull tech treeHidden civsTurbo modeCheats
Victory
Defeat
🇦🇷 Portuguese · Argentina
1775
+18
🇲🇽 Slavs · Mexico
1817
-18
ElsterAur
6:25 Loom
9:30 Feudal Age
9:39 Man-at-Arms
11:58 Arson
15:55 Fletching
17:23 Padded Archer Armor
17:27 Double-Bit Axe
17:27 Horse Collar
20:38 Wheelbarrow
Barón de la Cerveza
6:20 Loom
9:02 Feudal Age
9:18 Man-at-Arms
18:05 Double-Bit Axe
20:55 Fletching
Connection lost

Rejoining the realm…

Still unreachable

The connection could not be restored.

Session expired

The server has moved on; the page needs a fresh start.